 Dungeon Crawl Stone Soup version 0.28-a0-1389-gc726bef33b (webtiles) character file.

Game seed: 262379099124516925

228 enile the Cutter (level 6, -3/42 HPs)
             Began as an Octopode Wanderer on Jan 3, 2022.
             Was a Believer of Dithmenos.
             Slain by Grinder (5 damage)
             ... on level 3 of the Dungeon.
             The game lasted 00:05:09 (1984 turns).

enile the Cutter (Octopode Wanderer)                Turns: 1984, Time: 00:05:10

Health: -3/42      AC:  1    Str: 14    XL:     6   Next: 2%
Magic:  7/7        EV: 13    Int: 17    God:    Dithmenos [**....]
Gold:   25         SH:  0    Dex: 10    Spells: 3/7 levels left

rFire   . . .      SeeInvis .   j - +1 dagger (freeze)
rCold   . . .      Faith    .   (no shield)
rNeg    . . .      Spirit   .   (helmet restricted)
rPois   .          Reflect  .   h - amulet of magic regeneration
rElec   .          Harm     .   (no ring)
rCorr   .          Rampage  .   (no ring)
Will    .....                   (no ring)
Stlth   +++.......              (no ring)
HPRegen 0.94/turn               (no ring)
MPRegen 0.50/turn               (no ring)
                                (no ring)
                                (no ring)

@: confusing by touch, about to teleport, wreathed by umbra
A: almost no armour, amphibious, 8 rings, camouflage 1, gelatinous body 1,
(nimble swimmer 1), tentacles, tentacle spike 1, clever 1, regeneration 1
a: Renounce Religion, Shadow Step


You were on level 3 of the Dungeon.
You worshipped Dithmenos.
Dithmenos was pleased with you.
You visited 1 branch of the dungeon, and saw 3 of its levels.

You collected 25 gold pieces.

Inventory:

Hand Weapons
 a - a +2 short sword
 d - a +2 scythe of protection
 j - a +1 dagger of freezing (weapon)
Missiles
 f - 11 boomerangs
Jewellery
 h - an amulet of magic regeneration (around mantle)
 k - an amulet of reflection
Scrolls
 c - a scroll of vulnerability
 e - a scroll of immolation
 g - a scroll of teleportation
 i - 3 scrolls of blinking {unknown}
Miscellaneous
 b - a piece from Xom's chessboard (15/15)


   Skills:
 + Level 3.6 Fighting
 - Level 5.0 Short Blades
 - Level 3.0 Dodging
 - Level 1.0 Spellcasting
 - Level 3.0 Hexes
 - Level 2.2 Evocations


You had 3 spell levels left.
You knew the following spells:

 Your Spells              Type           Power      Damage    Failure   Level
a - Slow                  Hex            44%        N/A       6%          1
b - Confusing Touch       Hex            11%        N/A       19%         3

Your spell library contained the following spells:

 Spells                   Type           Power      Damage    Failure   Level


Dungeon Overview and Level Annotations

Branches:
Dungeon (3/15)

Altars:
Dithmenos
Wu Jian
Xom

Shops:
D:1 =

Annotations:
D:3 Grinder


Innate Abilities, Weirdness & Mutations

You cannot wear most types of armour.
You are amphibious.
You can wear up to eight rings at the same time.
Your skin changes colour to match your surroundings (Stealth+).
Your rubbery body absorbs attacks. (AC +1, EV +1)
((You are camouflaged when in or above water. (Stealth+)))
You have tentacles for arms and can constrict up to eight enemies at once.
One of your tentacles bears a spike.
Your mind is acute. (Int +2)
Your natural rate of healing is unusually fast.


Message History

You can move again.
Okay, then.
Casting: Confusing Touch (quite dangerous; 19% risk of failure)
Confirm with . or Enter, or press ? or * to list all spells.
Your tentacles begin to glow red.
Grinder closely misses you.
Grinder says, "I used to sell toenails on the black market."
Grinder hits you.
Unknown command.
You hit Grinder but do no damage. Your grab misses Grinder.
Grinder is lightly wounded.
Grinder gestures at you. You resist with significant effort.
You hit Grinder but do no damage. You grab Grinder.
Grinder is lightly wounded.
You constrict Grinder. Grinder hits you!
You writhe in agony.
You hit Grinder but do no damage.
Grinder is lightly wounded.
You constrict Grinder. You hit Grinder but do no damage.
Grinder is lightly wounded.
You constrict Grinder. Grinder misses you.
You hit Grinder but do no damage.
You pierce Grinder, but do no damage.
Grinder is moderately wounded.
You constrict Grinder.
Grinder says, "FISH!"
Grinder hits you!
* * * LOW HITPOINT WARNING * * *
You hit Grinder but do no damage.
Grinder is moderately wounded.
You constrict Grinder. Grinder hits you!
* * * LOW HITPOINT WARNING * * *
You writhe in agony.
* * * LOW HITPOINT WARNING * * *
Okay, then.
Okay, then.
As you read the scroll labelled HIEM QOINEO, it crumbles to dust.
You feel strangely unstable.
It was a scroll of teleportation.
You constrict Grinder, but do no damage.
Grinder hits you.
You die...

.......# ........###
.......#.. .........
......# ..# #.. .....
#.# #.# #.#.### #.#
#.# #.#.@5# #.# #.#
#...#...# #.# #.#
#..####..# #.# #.#
##..# .... #.# #.#
#####..########
#.####.###............
#.##..............####
.......###.#####.##
#.##.#.....# .#


You could see Grinder.

Vanquished Creatures
  Sigmund (D:2)
  A gnoll (D:1)
  An adder (D:3)
  A dart slug (D:1)
  3 orcs (D:2)
  4 bats (D:1)
  4 endoplasms
  4 giant cockroaches (D:1)
  2 goblins
  A hobgoblin (D:2)
  2 quokkas (D:2)
  3 ball pythons (D:1)
  4 frilled lizards
  A kobold (D:1)
  23 rats
55 creatures vanquished.

Notes
Turn   | Place    | Note
-------+----------+-------------------------------------------
     0 | D:1      | enile the Octopode Wanderer began the quest for the Orb.
     0 | D:1      | enile set off with the following items: a +2 short sword, a
                  | piece from Xom's chessboard (15/15); and the following
                  | spell memorised: Slow; and the following spells available
                  | to memorise: Confusing Touch
     0 | D:1      | Reached XP level 1. HP: 13/13 MP: 2/2
    25 | D:1      | Found a faded altar of an unknown god.
    77 | D:1      | Prayed at the altar of an unknown god.
    77 | D:1      | Became a worshipper of Dithmenos the Shadowed
    77 | D:1      | Reached * piety under Dithmenos
   201 | D:1      | Reached XP level 2. HP: 19/19 MP: 0/3
   259 | D:1      | Reached skill level 1 in Dodging
   321 | D:1      | Reached XP level 3. HP: 24/24 MP: 2/4
   561 | D:1      | Found Itan's Jewellery Shoppe.
  1031 | D:2      | Learned a level 3 spell: Confusing Touch
  1114 | D:2      | Reached ** piety under Dithmenos
  1224 | D:2      | Noticed Sigmund
  1233 | D:2      | Gained mutation: One of your tentacles bears a spike.
                  | [potion of mutation]
  1233 | D:2      | Gained mutation: Your natural rate of healing is unusually
                  | fast. [potion of mutation]
  1233 | D:2      | Gained mutation: Your mind is acute. (Int +2) [potion of
                  | mutation]
  1598 | D:2      | Found a shimmering altar of Xom.
  1664 | D:2      | Reached XP level 4. HP: 30/30 MP: 5/5
  1806 | D:2      | Killed Sigmund
  1807 | D:2      | Reached XP level 5. HP: 24/36 MP: 6/6
  1842 | D:3      | Reached XP level 6. HP: 39/42 MP: 7/7
  1892 | D:3      | Found an ornate altar of the Wu Jian Council.
  1968 | D:3      | Noticed Grinder
  1973 | D:3      | Paralysed by Grinder for 2 turns
  1983 | D:3      | HP: 2/42 [Grinder (7)]
  1984 | D:3      | Slain by Grinder

Illustrated notes

Levels and vault maps discovered:
D:1:      matt_arrival_diagonals, layout_basic, serial_shops,
          nicolae_shop_advertising_works [nicolae_subvault_shop_adworks],
          ebering_ecumenical_altar_mist, minmay_misc_feat_chi
D:2:      layout_rooms, basic_altar, minmay_rat_hole, uniq_sigmund
D:3:      layout_rooms, pdpol_wu_jian_five_deadly_venoms, elyvilon_altar_3,
          uniq_grinder

Skill      XL: |  1  2  3  4 |
---------------+-------------+-----
Fighting       | 2 3 |  3.6
Dodging        | 1 2 3 |  3.0
Hexes          | 3 |  3.0
Short Blades   | |  5.0
Spellcasting   | |  1.0
Evocations     | |  2.2

Action                   |  1- 3 |  4- 6 || total
-------------------------+-------+-------++-------
Melee: Short sword       |    62 |       ||    62
       Constrict         |    20 |     8 ||    28
       Tentacles         |    14 |     4 ||    18
       Dagger            |    18 |    36 ||    54
       Kick              |     3 |    10 ||    13
 Cast: Slow              |    23 |       ||    23
       Confusing Touch   |       |     2 ||     2
  Use: Scroll            |     2 |     1 ||     3
       Potion            |     2 |       ||     2
 Stab: Sleeping          |     3 |       ||     3
       Confused          |       |     2 ||     2
Armor: Skin              |     7 |     1 ||     8
Dodge: Dodged            |    46 |     8 ||    54

Table legend: (Time is in decaauts)
 A = Elapsed time spent in this place.
 B = Non-inter-level travel time spent in this place.
 C = Inter-level travel time spent in this place.
 D = Time resting spent in this place.
 E = Time spent auto-exploring this place.
 F = Levels seen in this place.
 G = Mean time per level.
                   A        B        C        D        E       F      G
               +--------+--------+--------+--------+--------+-----+--------+
         Total |   1962 |   1798 |    164 |    145 |   1255 |   3 |  654.0 |
       Dungeon |   1962 |   1798 |    164 |    145 |   1255 |   3 |  654.0 |
               +--------+--------+--------+--------+--------+-----+--------+

Top non-repeatable levels by time:
     D:1: 1200 daAuts
     D:2: 617 daAuts
     D:3: 143 daAuts
